 Dungeon Crawl Stone Soup version 0.21.0-34-g9234887 (webtiles) character file.

9 tidbits the Insei (level 2, 0/23 HPs)
             Began as a Gnoll Transmuter on Jan 30, 2018.
             Slain by a giant cockroach (1 damage)
             ... on level 1 of the Dungeon.
             The game lasted 00:01:43 (172 turns).

tidbits the Insei (Gnoll Transmuter)                 Turns: 172, Time: 00:01:44

Health: 0/23       AC:  2    Str: 12    XL:     2   Next: 16%
Magic:  4/7        EV: 14    Int: 15    God:
Gold:   54         SH:  0    Dex: 15    Spells: 7/10 levels left

rFire    . . .     SeeInvis .     - Unarmed
rCold    . . .     Gourm    .   (no shield)
rNeg     . . .     Faith    .   b - +0 robe
rPois    .         Spirit   .   (no helmet)
rElec    .         Reflect  .   (no cloak)
rCorr    .         Harm     .   (no gloves)
MR       .....                  (no boots)
Stlth    ++........             (no amulet)
HPRegen  0.07/turn              (no ring)
MPRegen  0.10/turn              (no ring)

@: appendage (expiring)
A: distributed training, fangs 1, horns 2, strong nose
a: End Transformation


You were on level 1 of the Dungeon.
You were not hungry.
You had grown temporary horns.
You visited 1 branch of the dungeon, and saw 2 of its levels.

You collected 54 gold pieces.

Inventory:

Hand Weapons
 e - a +0 short sword
Missiles
 a - 32 arrows
Armour
 b - a +0 robe (worn)
Scrolls
 g - a scroll of random uselessness {unknown}
Potions
 f - 2 potions of degeneration {unknown}
 h - a potion of heal wounds {unknown}
Books
 c - a book of Changes

   Spells                             Type                      Level
   a - Beastly Appendage              Transmutation                1
   b - Sticks to Snakes               Transmutation                2
   c - Spider Form                    Transmutation/Poison         3
   d - Ice Form                       Ice/Transmutation            4
   e - Blade Hands                    Transmutation                5
Comestibles
 d - 2 rations


   Skills:
 + Level 2.4 Fighting
 + Level 0.3 Short Blades
 + Level 0.3 Long Blades
 + Level 0.3 Axes
 + Level 0.3 Maces & Flails
 + Level 0.3 Polearms
 + Level 0.3 Staves
 + Level 0.3 Slings
 + Level 0.3 Bows
 + Level 0.3 Crossbows
 + Level 0.3 Throwing
 + Level 0.3 Armour
 + Level 4.4 Dodging
 + Level 0.3 Stealth
 + Level 0.3 Shields
 + Level 6.4 Unarmed Combat
 + Level 4.9 Spellcasting
 + Level 0.2 Conjurations
 + Level 0.2 Hexes
 + Level 0.2 Charms
 + Level 0.2 Summonings
 + Level 0.2 Necromancy
 + Level 0.2 Translocations
 + Level 3.7 Transmutations
 + Level 0.2 Fire Magic
 + Level 0.2 Ice Magic
 + Level 0.2 Air Magic
 + Level 0.2 Earth Magic
 + Level 0.2 Poison Magic
 + Level 0.4 Invocations
 + Level 0.3 Evocations


You had 7 spell levels left.
You knew the following spells:

 Your Spells              Type           Power        Failure   Level  Hunger
e - Beastly Appendage     Tmut           ##....       3%          1    None
k - Sticks to Snakes      Tmut           ##......     5%          2    ##.....


Dungeon Overview and Level Annotations

Branches:
Dungeon (2/15)

Altars:
Elyvilon


Innate Abilities, Weirdness & Mutations

Your experience applies equally to all skills.
You have very sharp teeth.
Your uncanny sense of smell can sniff out nearby items.
You have a pair of horns on your head.


Message History

You miss the bat. You claw the bat, but do no damage.
The bat is moderately wounded.
The bat hits you but does no damage. The bat closely misses you.
You hit the bat.
The bat is severely wounded.
The bat closely misses you.
You barely miss the bat.
The bat is severely wounded.
The bat closely misses you.
You hit the bat.
You kill the bat!
Found a stone staircase leading up.
There is a fountain of clear blue water here.
Your talons disappear.
You see here 12 gold pieces.
You now have 44 gold pieces (gained 12).
Found 4 stones.
Found 21 arrows.
Found 10 gold pieces.
Found a white potion.
You see here 10 gold pieces.
You now have 54 gold pieces (gained 10).
You see here a white potion.
h - a white potion You see here 21 arrows.
a - 33 arrows (gained 21)
There is a stone staircase leading up here.
You climb upwards.
The hobgoblin shouts!
A hobgoblin comes into view. It is wielding a club.
The hobgoblin shouts!
Found 7 tomahawks and 19 bolts.
A bat comes into view.
There is a stone staircase leading down here.
Casting: Beastly Appendage
Confirm with . or Enter, or press ? or * to list all spells.
You grow a pair of large bovine horns.
You punch the hobgoblin!
You kill the hobgoblin!
The bat closely misses you.
A bat and a kobold come into view.
You hit the bat.
You kill the bat!
The bat hits you but does no damage.
You closely miss the bat. The bat hits you but does no damage.
A giant cockroach comes into view.
The bat closely misses you.
You hit the bat.
You kill the bat!
You have reached level 2!
The hobgoblin misses you.
A leopard gecko and a goblin come into view.
The goblin shouts!
The hobgoblin closely misses you.
You climb downwards.
There is a stone staircase leading up here.
You hit the hobgoblin.
You kill the hobgoblin!
Memorise Sticks to Snakes, consuming 2 spell levels and leaving 7?
You start memorising the spell.
You continue memorising. x2
You finish memorising.
Spell assigned to 'k'.
You climb upwards.
The leopard gecko closely misses you. The giant cockroach bites you.
The kobold barely misses you. The leopard gecko bites you.
The giant cockroach barely misses you.
An ooze comes into view.
There is a stone staircase leading down here.
Casting: Beastly Appendage
Confirm with . or Enter, or press ? or * to list all spells.
You create a snake!
You now have 32 arrows.
The leopard gecko bites you.
The ooze jiggles.
The kobold barely misses you. The giant cockroach bites you.
* * * LOW HITPOINT WARNING * * *
You closely miss the leopard gecko. The leopard gecko barely misses you.
The kobold hits you.
* * * LOW HITPOINT WARNING * * *
The giant cockroach closely misses you.
Your ball python barely misses the goblin.
Your ball python grabs the goblin.
Your ball python constricts the goblin.
The leopard gecko closely misses you.
You hit the leopard gecko.
The leopard gecko is heavily wounded.
The kobold hits you.
* * * LOW HITPOINT WARNING * * *
The giant cockroach closely misses you.
Your ball python bites the goblin.
Your ball python constricts the goblin.
The leopard gecko bites you.
* * * LOW HITPOINT WARNING * * *
You miss the leopard gecko.
The leopard gecko is heavily wounded.
Your transformation is almost over.
The giant cockroach bites you.
* * * LOW HITPOINT WARNING * * *
The kobold hits you.
* * * LOW HITPOINT WARNING * * *
Your ball python bites the goblin.
The goblin dies!
The leopard gecko barely misses you.
You barely miss the leopard gecko. You headbutt the leopard gecko.
The leopard gecko is almost dead.
The giant cockroach bites you.
You die...

#..(##...#.#
....#.....#∆
.#.#.(...
#.......
#...J..
..S). #Kl#
#s@# #### ∆


You could see an ooze, a leopard gecko, a giant cockroach, a kobold and a
friendly ball python.

Vanquished Creatures
  2 hobgoblins
  2 kobolds
  3 bats
  A rat (D:2)
8 creatures vanquished.

Vanquished Creatures (collateral kills)
  A goblin (D:1)
1 creature vanquished.

Grand Total: 9 creatures vanquished

Notes
Turn   | Place    | Note
-------+----------+-------------------------------------------
     0 | D:1      | tidbits the Gnoll Transmuter began the quest for the Orb.
     0 | D:1      | Reached XP level 1. HP: 17/17 MP: 6/6
    92 | D:2      | Found a white marble altar of Elyvilon.
   159 | D:1      | Reached XP level 2. HP: 23/23 MP: 5/7
   166 | D:2      | Learned a level 2 spell: Sticks to Snakes
   171 | D:1      | HP: 1/23 [kobold (3)]
   172 | D:1      | Slain by a giant cockroach

Action                   || total
-------------------------++-------
Melee: Unarmed           ||    21
       Bite              ||     2
       Headbutt          ||     2
       Kick              ||     1
 Cast: Beastly Appendage ||     3
       Sticks to Snakes  ||     1
 Stab: Sleeping          ||     1
Armor: Robe              ||     5
Dodge: Dodged            ||    24

Table legend:
 A = Turns spent in this place as a percentage of turns spent in the entire game.
 B = Non-inter-level travel turns spent in this place as a percentage of non-inter-level travel turns spent in the entire game.
 C = Inter-level travel turns spent in this place as a percentage of turns spent in this place.
 D = Turns resting spent in this place as a percentage of non-inter-level travel turns spent in this place.
 E = Turns spent auto-exploring this place as a percentage of non-inter-level travel turns spent in this place.
 F = Non-inter-level travel turns spent in this place divided by the number of levels of this place that you've seen.
                   A       B       C       D       E      F
               +-------+-------+-------+-------+-------+----------------------
         Total | 100.0 | 100.0 |   0.0 |   0.0 |   0.0 |  86.0
       Dungeon | 100.0 | 100.0 |   0.0 |   0.0 |   0.0 |  86.0
               +-------+-------+-------+-------+-------+----------------------

Table legend:
 A = Kills in this place as a percentage of kills in entire the game.
 B = Kills by you in this place as a percentage of kills by you in the entire game.
 C = Kills by friends in this place as a percentage of kills by friends in the entire game.
 D = Other kills in this place as a percentage of other kills in the entire game.
 E = Experience gained in this place as a percentage of experience gained in the entire game.
 F = Experience gained in this place divided by the number of levels of this place that you have seen.
                   A       B       C       D       E      F
               +-------+-------+-------+-------+-------+----------------------
         Total | 100.0 | 100.0 | 100.0 |   N/A | 100.0 |   7.0
       Dungeon | 100.0 | 100.0 | 100.0 |   N/A | 100.0 |   7.0
               +-------+-------+-------+-------+-------+----------------------

Vault maps used:
D:1:      lordsloth_arrival_two_stooges
D:2:      tso_metal_star, kennysheep_slug_shrine, grunt_ministairs_11,
          elyvilon_altar_5
